Map: 机械城 - 天梯版

Players

PtitDrogo - Winner!

  • Race: Protoss Protoss
  • League: Platinum

PSiArc

  • Race: Terran Terran
  • League: Platinum

Event: WESG 2018 Grand Finals

VOD

Have the link to the VOD?

Description

Time

  • Played on: March 12, 2019, 5:59 a.m.
  • Length: 8:24

All games in this series

Show
View Real Time Build Order
Export as new Build Order

PtitDrogo Protoss - Winner!

Build Orders: 1 Gate Expand, Zealot Archon, Archon Drop 

Get SALT Encoding   

  12  0:00  Probe  
  13  0:13  Probe  
  14  0:20  Pylon  
  14  0:25  Probe  
  15  0:34  Probe  
  15  0:39  Gateway  
  15  0:42  Probe  
  16  0:47  Assimilator  
  17  0:52  Probe  
  18  1:04  Probe  
  19  1:16  Probe  
  20  1:25  Nexus  
  20  1:34  Cybernetics Core  
  20  1:37  Probe  
  21  1:44  Assimilator  
  21  1:52  Probe  
  22  1:56  Pylon  
  22  2:04  Stalker, Probe  
  23  2:11  Warp Gate  
  25  2:16  Probe  
  26  2:28  Probe  
  27  2:34  Robotics Facility  
  27  2:35  Probe  
  26  2:37  Probe  
  26  2:40  Stalker  
  26  2:43  Probe  
  30  2:45  Probe  
  32  2:51  Probe  
  32  2:54  Probe  
  34  3:03  Probe  
  35  3:06  Probe  
  35  3:10  Stalker  
  38  3:15  Probe, Observer  
  38  3:18  Probe  
  40  3:26  Gateway x2  
  41  3:27  Probe  
  41  3:29  Pylon  
  41  3:32  Probe  
  41  3:33  Observer  
  43  3:35  Probe  
  45  3:43  Probe  
  45  3:44  Probe  
  47  3:52  Pylon  
  47  3:54  Probe, Assimilator x2  
  47  3:56  Probe  
  47  4:00  Sentry  
  51  4:04  Pylon  
  51  4:06  Probe  
  51  4:08  Probe  
  53  4:18  Probe  
  53  4:20  Probe  
  53  4:21  Twilight Council  
  53  4:23  Forge  
  55  4:29  Warp Prism  
  58  4:34  Gateway  
  58  4:35  Gateway  
  58  4:37  Protoss Ground Armor Level 1  
  58  4:38  Gateway  
  57  4:41  Charge  
  57  4:52  Pylon  
  57  5:00  Templar Archives  
  58  5:11  Gateway x2  
  57  5:20  Nexus  
  57  5:21  Pylon  
  57  5:30  Immortal  
  61  5:36  High Templar, Probe x2  
  61  5:37  High Templar  
  61  5:38  Zealot  
  69  5:43  Archon  
  69  5:48  Zealot x2  
  69  5:49  Zealot  
  75  5:53  Probe  
  76  6:01  Probe  
  76  6:04  Zealot  
  79  6:05  Probe  
  79  6:07  High Templar x2  
  82  6:13  Protoss Ground Weapons Level 1, Probe  
  82  6:14  Archon  
  82  6:16  Blink  
  82  6:17  Probe  
  84  6:20  Pylon  
  84  6:23  Pylon  
  84  6:25  Probe  
  85  6:29  Probe  
  85  6:32  Probe  
  87  6:37  Pylon, Probe  
  88  6:41  Probe  
  88  6:43  High Templar  
  88  6:44  High Templar, Probe, Zealot x4  
  88  6:46  Zealot  
  104  6:48  Archon  
  104  6:56  Zealot  
  104  6:58  Immortal  
  106  7:07  Zealot x5  
  120  7:12  Pylon  
  120  7:14  Pylon  
  120  7:16  Pylon  
  120  7:31  High Templar x2  
  120  7:32  Zealot x6  
  120  7:35  Archon  
  129  7:54  Probe  
  122  8:00  Stalker x6  
  128  8:08  Probe x2  
  128  8:11  Probe  
  115  8:13  Assimilator x2  
  109  8:21  Stalker x2  
Show
View Real Time Build Order
Export as new Build Order

PSiArc Terran 

Build Orders: Reaper Expand 

Get SALT Encoding   

  12  0:00  SCV  
  13  0:13  SCV  
  14  0:18  Supply Depot  
  14  0:25  SCV  
  15  0:39  SCV  
  15  0:40  Barracks  
  16  0:44  Refinery  
  16  0:51  SCV  
  17  1:03  SCV  
  18  1:16  SCV  
  19  1:28  Reaper, Orbital Command  
  20  1:43  Command Center  
  20  1:50  Supply Depot  
  20  1:54  SCV  
  20  2:00  Marine  
  22  2:06  SCV  
  23  2:09  Factory  
  23  2:15  Refinery  
  23  2:18  Marine  
  23  2:19  SCV  
  25  2:31  SCV  
  26  2:37  Marine  
  27  2:46  SCV  
  28  2:54  Factory Tech Lab  
  28  2:55  Starport  
  28  2:56  Orbital Command  
  29  2:58  SCV  
  29  3:01  Barracks Reactor  
  29  3:02  Orbital Command  
  29  3:06  Bunker  
  29  3:12  SCV  
  30  3:14  Cyclone  
  33  3:22  Refinery  
  34  3:27  SCV x2  
  34  3:31  Starport Tech Lab  
  35  3:38  Marine x2  
  35  3:39  SCV  
  35  3:40  SCV  
  39  3:46  Supply Depot  
  39  3:50  Supply Depot  
  39  3:51  SCV  
  39  3:52  SCV  
  39  3:54  Raven  
  43  3:59  Marine x2  
  45  4:03  SCV  
  45  4:07  SCV  
  45  4:09  Siege Tank  
  50  4:15  SCV  
  51  4:19  SCV  
  52  4:27  SCV, Command Center  
  53  4:31  SCV  
  53  4:32  Liberator  
  53  4:34  Marine x2  
  56  4:39  SCV  
  56  4:44  SCV  
  58  4:51  SCV  
  62  4:55  Supply Depot  
  62  5:08  Engineering Bay, Siege Tank, SCV x2  
  62  5:13  Barracks  
  67  5:16  Supply Depot  
  67  5:18  Barracks  
  67  5:20  Refinery, SCV x2  
  69  5:29  Stimpack, Marine  
  69  5:33  Supply Depot, SCV x2  
  72  5:41  Starport Reactor  
  73  5:45  SCV  
  73  5:49  SCV  
  78  5:51  Orbital Command  
  78  5:56  Barracks, Terran Infantry Weapons Level 1  
  74  5:57  Barracks, SCV  
  74  5:58  Factory Reactor  
  74  6:01  SCV  
  74  6:03  Marine x2  
  78  6:05  Marauder  
  78  6:10  Barracks Tech Lab, SCV  
  81  6:14  SCV  
  81  6:21  Medivac x2  
  81  6:24  Supply Depot  
  85  6:25  Supply Depot  
  85  6:27  Marauder  
  85  6:30  Marine x2  
  85  6:31  Marauder  
  91  6:37  Widow Mine x2  
  95  6:42  Orbital Command  
  95  6:48  Marauder x2, Marine x2  
  95  6:49  Barracks Reactor, SCV  
  95  6:52  Marauder, SCV  
  105  6:59  Supply Depot  
  105  7:00  Supply Depot  
  104  7:06  SCV  
  104  7:07  Marine  
  106  7:09  Marauder  
  106  7:13  Marauder, Marine  
  111  7:15  Medivac  
  111  7:16  Medivac  
  115  7:25  Marauder, Marine  
  118  7:33  Supply Depot  
  118  7:35  Starport  
  118  7:36  Marauder, Marine x2  
  122  7:38  SCV x2  
  122  7:39  SCV  
  122  7:40  Marauder, Marine  
  120  7:58  SCV  
  104  8:01  Marauder, Marine  
  104  8:02  Marauder, Marine x2  
  102  8:06  Marine x2  
Tags
 
Add a new tag
Caveats
  • Supply blocks, unpowered buildings, or Contaminate may cause inaccurate times.
  • Supply counts are checked every 10 seconds.